Map: [ESL] Cosmic Sapphire

Players

SpeCial

  • Race: Terran Terran
  • Spawn Location: 11:00

Kelazhur - Winner!

  • Race: Terran Terran
  • Spawn Location: 5:00

Event: DreamHack SC2 Masters 2022 Atlanta (Online)

VOD

Have the link to the VOD?

Description

Time

  • Played on: Oct. 2, 2022, 3:14 p.m.
  • Length: 5:54

All games in this series

Show
View Real Time Build Order
Export as new Build Order

SpeCial Terran 

Build Orders: Gas First Reaper Expand 

Get SALT Encoding   

  12  0:00  SCV  
  13  0:12  SCV  
  14  0:17  Supply Depot  
  14  0:24  SCV  
  14  0:28  Refinery  
  15  0:39  SCV  
  16  0:43  Barracks  
  16  0:51  SCV  
  17  1:03  SCV  
  18  1:15  SCV  
  19  1:31  Reaper, Orbital Command  
  20  1:41  Command Center  
  20  1:51  Factory  
  20  1:57  SCV  
  21  2:03  Marine  
  21  2:06  Supply Depot  
  22  2:10  SCV  
  23  2:23  Marine  
  22  2:30  SCV  
  22  2:38  Hellion  
  22  2:41  Marine  
  22  2:42  SCV  
  24  2:51  Starport  
  24  2:55  SCV  
  25  2:59  Marine  
  25  3:02  Hellion  
  28  3:07  SCV  
  29  3:17  Marine  
  29  3:19  SCV  
  27  3:25  Orbital Command  
  26  3:31  SCV, Starport Tech Lab  
  27  3:36  Barracks Tech Lab  
  27  3:41  Refinery  
  27  3:45  SCV  
  28  3:49  Orbital Command  
  28  3:58  SCV  
  28  4:01  Cyclone  
  28  4:02  Marine  
  31  4:11  SCV  
  31  4:13  Banshee  
  34  4:20  Marine  
  28  4:28  SCV  
  28  4:29  SCV  
  24  4:38  Cyclone  
  24  4:40  SCV, Marine  
  24  4:45  SCV  
  26  4:52  SCV  
  27  4:57  SCV  
  28  5:02  Banshee  
  28  5:04  SCV  
  32  5:09  SCV  
  33  5:17  SCV, Orbital Command  
  33  5:20  Cyclone  
  37  5:29  SCV  
  37  5:41  SCV  
Show
View Real Time Build Order
Export as new Build Order

Kelazhur Terran - Winner!

Build Orders:  

Get SALT Encoding   

  12  0:01  SCV  
  13  0:13  Supply Depot  
  13  0:19  SCV  
  14  0:36  Barracks  
  14  0:41  Refinery  
  14  0:55  Barracks  
  14  0:59  SCV  
  15  1:11  SCV  
  16  1:25  Reaper, Orbital Command  
  17  1:33  Refinery  
  17  1:43  Reaper  
  18  1:53  SCV  
  19  1:59  Supply Depot  
  19  2:00  Reaper  
  20  2:06  SCV  
  21  2:15  Reaper  
  21  2:19  SCV  
  22  2:38  Reaper  
  22  2:39  Factory  
  22  2:40  SCV  
  24  2:49  Supply Depot  
  24  2:50  Reaper  
  25  2:52  SCV  
  26  3:04  SCV  
  27  3:10  Reaper  
  27  3:22  Reaper  
  26  3:27  SCV, Factory Tech Lab  
  27  3:37  Command Center  
  27  3:39  SCV  
  28  3:44  Starport  
  28  3:50  Cyclone  
  28  3:54  SCV  
  32  4:06  SCV  
  32  4:27  Cyclone  
  32  4:29  Medivac  
  32  4:31  SCV  
  37  4:37  Supply Depot  
  34  4:46  SCV  
  34  4:48  Command Center  
  35  4:58  SCV  
  36  5:02  Cyclone, Starport Tech Lab  
  39  5:07  Refinery  
  39  5:09  Orbital Command  
  39  5:15  SCV  
  39  5:16  Barracks Reactor  
  40  5:27  SCV  
  43  5:37  SCV  
  43  5:39  SCV  
Tags
 
Add a new tag
Caveats
  • Supply blocks, unpowered buildings, or Contaminate may cause inaccurate times.
  • Supply counts are checked every 10 seconds.